 Dungeon Crawl Stone Soup version 0.17-a0-1748-g222fba8 (webtiles) character file.

38 kae the Chopper (level 3, 0/31 HPs)
             Began as a Hill Orc Fighter on Sept 1, 2015.
             Slain by a gnoll
             ... wielding a +0 spear
              (3 damage)
             ... on level 2 of the Dungeon.
             The game lasted 00:01:12 (1043 turns).

kae the Chopper (Hill Orc Fighter)                  Turns: 1043, Time: 00:01:12

Health: 0/31       AC:  6    Str: 19    XL:     3   Next: 43%
Magic:  3/3        EV:  7    Int:  8    God:
Gold:   53         SH:  9    Dex: 10    Spells: 0 memorised, 2 levels left

rFire  . . .     SeeInvis .     a - +0 war axe
rCold  . . .     Clarity  .     b - +0 scale mail
rNeg   . . .     SustAt   .     c - +0 shield
rPois  .         Gourm    .     (no helmet)
rElec  .         Spirit   .     (no cloak)
rCorr  .         Warding  .     (no gloves)
rMut   .         Stasis   .     (no boots)
MR     +....                    (no amulet)
Stlth  ..........               (no ring)
                                i - ring of protection from magic

@: somewhat resistant to hostile enchantments, extremely unstealthy
A: no striking features
a: no special abilities


You were on level 2 of the Dungeon.
You were hungry.

You visited 1 branch of the dungeon, and saw 2 of its levels.

You collected 53 gold pieces.

Inventory:

Hand weapons
 a - a +0 war axe (weapon)
Armour
 b - a +0 scale mail (worn)
 c - a +0 shield (worn)
Jewellery
 i - a ring of protection from magic (left hand)
 t - an uncursed ring of protection from magic
Scrolls
 g - a scroll of magic mapping {unknown}
 h - a scroll of fear {unknown}
 l - a scroll of remove curse {unknown}
 m - a scroll of recharging {unknown}
 n - a scroll of teleportation {unknown}
 p - a scroll of identify {unknown}
 u - a scroll of random uselessness {unknown}
Potions
 d - a potion of might
 k - a potion of resistance {unknown}
 o - a potion of curing {unknown}
 r - a potion of poison {unknown}
Comestibles
 e - 4 bread rations
 j - a beef jerky
 q - 3 meat rations
 s - a chunk of flesh


   Skills:
 - Level 3.6 Fighting
 + Level 5.0 Axes
 - Level 3.2 Armour
 - Level 3.2 Shields


You had 2 spell levels left.
You didn't know any spells.

Dungeon Overview and Level Annotations

Branches:
Dungeon (2/15)

Altars:


Message History

You feel less invigorated.
You feel less confused. The gnoll hits you but does no damage.
You block the gnoll's attack.
The gnoll hits you from afar with a spear.
* * * LOW HITPOINT WARNING * * *
You closely miss the gnoll.
The gnoll is moderately wounded.
The gnoll hits you from afar with a spear.
* * * LOW HITPOINT WARNING * * *
The gnoll hits you with a halberd.
* * * LOW HITPOINT WARNING * * *
Unknown command.
You are feeling hungry.
A jackal comes into view.
The jackal barks!
You barely miss the jackal. The jackal bites you.
* * * LOW HITPOINT WARNING * * *
The jackal bites you but does no damage.
The gnoll hits you from afar with a spear.
You die...

..........#..#..........#
...######.#..#....##.##.#
.## #.##....g.≈.P##.# .
#.##.##..≈≈PPP≈.##
#(##..#.g.≈PPPP.P###
#..........≈≈♣≈PP≈.#
###.##...g..PP≈≈≈♣P≈P.#
#...♣♣.♣♣.##[≈P.≈≈♣≈≈P.≈
#.......♣@#####P≈PP♣≈≈≈P
#...♣P..♣h# ###.P♣≈≈≈≈
#..)♣...P># PPP♣♣≈≈
#...♣♣♣.♣.# PP♣♣ ≈≈
#...<.....# P≈♣
########...≈ #.PP #.≈≈


You could see 3 gnolls and a jackal.

Vanquished Creatures
  An adder (D:2)
  2 worms (D:2)
  A giant gecko (D:2)
  4 goblins
  2 hobgoblins (D:1)
  A ball python (D:1)
  3 bats (D:1)
  7 giant newts (D:1)
  4 kobolds
  2 rats (D:1)
27 creatures vanquished.

Notes
Turn   | Place    | Note
--------------------------------------------------------------
     0 | D:1      | kae the Hill Orc Fighter began the quest for the Orb.
     0 | D:1      | Reached XP level 1. HP: 19/19 MP: 1/1
   101 | D:1      | Reached XP level 2. HP: 13/26 MP: 2/2
   530 | D:1      | Reached skill level 4 in Axes
   846 | D:2      | Found a faded altar to an unknown god.
   853 | D:2      | Reached XP level 3. HP: 8/31 MP: 3/3
   869 | D:2      | Reached skill level 5 in Axes
  1043 | D:2      | Slain by a gnoll

Vault maps used:
D:1:      lightli_molten_gateway, nrook_mini_vaults, minmay_newt_pond
D:2:      ecumenical_altar_2, serial_forest, infiniplex_forest_clump_double,
          infiniplex_forest_straight_2, infiniplex_forest_clump_medium,
          infiniplex_forest_end_2, infiniplex_forest_corner_1,
          infiniplex_forest_corner_2, infiniplex_forest_zigzag_1,
          infiniplex_forest_clump_diagonal, infiniplex_forest_corner_1,
          first_bread, serial_bayou_lagoon_a

Action                   || total
-------------------------++-------
Melee: War axe           ||    73
  Use: Potion            ||     2
